Map: Alcyone LE

Players

Psylottv

  • Race: Terran Terran
  • League: Platinum
  • Spawn Location: 7:00

WildFire - Winner!

  • Race: Zerg Zerg
  • League: Diamond
  • Spawn Location: 1:00

VOD

Have the link to the VOD?

Description

Time

  • Played on: April 22, 2024, 9:05 a.m.
  • Length: 5:33
Show
View Real Time Build Order
Export as new Build Order

Psylottv Terran 

Build Orders:  

Get SALT Encoding   

  12  0:01  SCV  
  13  0:14  SCV  
  14  0:17  Supply Depot  
  14  0:26  SCV  
  15  0:39  SCV  
  15  0:41  Barracks  
  16  0:44  Refinery  
  16  0:51  SCV  
  17  1:03  SCV  
  18  1:15  SCV  
  19  1:27  Marine  
  19  1:28  Orbital Command  
  20  1:43  Command Center  
  20  1:46  Marine  
  21  1:58  Supply Depot  
  21  1:59  SCV  
  22  2:10  Barracks Reactor  
  22  2:21  SCV  
  23  2:28  Factory  
  23  2:32  Refinery  
  23  2:33  SCV  
  24  2:45  SCV  
  24  2:51  Marine x2  
  26  3:12  Orbital Command  
  26  3:17  SCV, Starport  
  27  3:21  Barracks Reactor  
  27  3:26  Hellion x2  
  31  3:29  SCV  
  32  3:35  Supply Depot  
  34  3:41  SCV x2  
  34  3:53  SCV  
  34  3:54  Barracks  
  35  4:00  Factory Tech Lab  
  35  4:02  Viking  
  37  4:03  Marine x2  
  37  4:05  SCV  
  35  4:21  Marine  
  30  4:26  Siege Tank  
  32  4:35  Marine  
  27  4:39  SCV  
  27  4:40  SCV  
  27  4:41  Marine x2  
  13  4:53  Marine  
  13  4:59  Marine x2  
  9  5:11  Marine  
Show
View Real Time Build Order
Export as new Build Order

WildFire Zerg - Winner!

Build Orders: Hatch First 

Get SALT Encoding   

  12  0:00  Drone  
  13  0:12  Overlord  
  13  0:17  Drone  
  14  0:31  Drone x2  
  16  0:49  Hatchery  
  15  0:52  Drone  
  15  0:56  Drone  
  17  1:00  Drone  
  18  1:11  Extractor  
  17  1:15  Spawning Pool  
  17  1:17  Drone  
  17  1:22  Drone  
  18  1:28  Drone  
  19  1:38  Drone  
  20  1:49  Drone  
  21  2:02  Queen  
  21  2:03  Zergling x4, Queen  
  27  2:09  Roach Warren  
  26  2:16  Drone  
  26  2:17  Overlord  
  27  2:33  Drone  
  27  2:36  Drone x3  
  31  2:43  Overlord  
  31  2:44  Overlord  
  31  3:00  Roach x2  
  31  3:05  Overlord  
  35  3:07  Roach  
  37  3:14  Roach  
  37  3:15  Roach x2  
  37  3:18  Overlord  
  43  3:25  Roach  
  43  3:26  Roach x2  
  49  3:28  Roach  
  51  3:35  Drone  
  51  3:38  Ravager  
  51  3:40  Drone  
  54  3:50  Drone  
  54  3:51  Hatchery  
  54  3:52  Drone  
  54  3:54  Drone  
  56  3:58  Drone  
  56  4:01  Drone x2  
  57  4:13  Drone x3  
  57  4:14  Drone  
  57  4:16  Queen  
  60  4:21  Drone x2  
  58  4:42  Drone x2  
  58  4:43  Overlord x2  
  56  5:00  Drone x3  
  57  5:10  Drone x3  
  60  5:16  Drone x2  
Tags
 
Add a new tag
Caveats
  • Supply blocks, unpowered buildings, or Contaminate may cause inaccurate times.
  • Supply counts are checked every 10 seconds.